| TOP OF THE 1ST |
|
Boston Red Sox batting - Pitching for New York Yankees : RHP Paul Moskau
|
|
Pitching: RHP Paul Moskau
|
|
|
Batting: SHB Dave Collins
|
0-0: Ball 1-0: Called Strike 1-1: Ball 2-1: Fly out, F7 (Flyball, 7LS, EV 85.6 MPH)
|
|
Batting: LHB Willie Aikens
|
0-0: Called Strike 0-1: Ball 1-1: Ball 2-1: Fly out, F3 (Flyball, 3D, EV 83.1 MPH)
|
|
Batting: RHB Jeff Burroughs
|
0-0: Called Strike 0-1: Ball 1-1: Ball 2-1: Called Strike 2-2: SOLO HOME RUN (Flyball, 7D, EV 86.9 MPH), Distance : 404 ft
|
|
Batting: LHB George Brett
|
0-0: Called Strike 0-1: Ball 1-1: Ground out 2-3 (Groundball, 13S, EV 63.8 MPH)
|
| Top of the 1st over - 1 run, 1 hit, 0 errors, 0 left on base; Boston 1 - New York 0 |
| BOTTOM OF THE 1ST |
|
New York Yankees batting - Pitching for Boston Red Sox : RHP Tom M Carroll
|
|
Pitching: RHP Tom M Carroll
|
|
|
Batting: SHB Tim Raines
|
0-0: Foul Ball, location: 2F 0-1: DOUBLE (Line Drive, 7LS, EV 109.4 MPH)
|
|
Batting: SHB Willie Wilson
|
0-0: SINGLE (Groundball, 4S, EV 71.3 MPH) (infield hit) Tim Raines to third
|
|
Batting: LHB Kent Hrbek
|
0-0: Ball Willie Wilson steals 2nd base 1-0: Ground out U3 (Groundball, 3L, EV 84.4 MPH)
|
|
Batting: RHB Pedro Guerrero
|
0-0: Ball 1-0: Fly out, F7 (Flyball, 78D, EV 106.3 MPH) Runner from 3rd tags up, SCORES, no throw by LF
|
|
Batting: LHB George Kaage
|
0-0: Fly out, F8 (Flyball, 8LM, EV 90.6 MPH)
|
| Bottom of the 1st over - 1 run, 2 hits, 0 errors, 1 left on base; Boston 1 - New York 1 |
| TOP OF THE 2ND |
|
Boston Red Sox batting - Pitching for New York Yankees : RHP Paul Moskau
|
|
Batting: LHB Claudell Washington
|
0-0: Ground out 6-3 (Groundball, 6, EV 90.6 MPH)
|
|
Batting: SHB Scotti Madison
|
0-0: Ball 1-0: Ball 2-0: Called Strike 2-1: Called Strike 2-2: Foul Ball, location: 2F 2-2: Foul Ball, location: 2F 2-2: Ball 3-2: Base on Balls
|
|
Batting: LHB Daryl Sconiers
|
0-0: Ball 1-0: Ball 2-0: Foul Ball, location: 2F 2-1: Foul Ball, location: 2F 2-2: Strikes out swinging Scotti Madison steals 2nd base Batter strikes out.
|
|
Batting: RHB Mark Grady
|
0-0: Ball 1-0: Ball Wild Pitch! Scotti Madison to third 2-0: Ball 3-0: Base on Balls
|
|
Batting: RHB Kevin Klettke
|
0-0: Called Strike 0-1: Foul Ball, location: 2F 0-2: Strikes out swinging
|
| Top of the 2nd over - 0 runs, 0 hits, 0 errors, 2 left on base; Boston 1 - New York 1 |
| BOTTOM OF THE 2ND |
|
New York Yankees batting - Pitching for Boston Red Sox : RHP Tom M Carroll
|
|
Batting: SHB Jerry Manuel
|
0-0: Called Strike 0-1: Ball 1-1: Called Strike 1-2: Foul Ball, location: 2F 1-2: Ground out 6-3 (Groundball, P, EV 81.3 MPH)
|
|
Batting: RHB Vic Rodriguez
|
0-0: Called Strike 0-1: Ground out 6-3 (Groundball, 6S, EV 89.4 MPH)
|
|
Batting: LHB Mario Cabrera
|
0-0: Called Strike 0-1: Ball 1-1: Foul Ball, location: 2F 1-2: Ball 2-2: SINGLE (Groundball, 4D, EV 95.0 MPH)
|
|
Batting: LHB Tim Norrid
|
0-0: Foul Ball, location: 2F 0-1: Ball 1-1: Fly out, F8 (Flyball, 89M, EV 76.9 MPH)
|
| Bottom of the 2nd over - 0 runs, 1 hit, 0 errors, 1 left on base; Boston 1 - New York 1 |
| TOP OF THE 3RD |
|
Boston Red Sox batting - Pitching for New York Yankees : RHP Paul Moskau
|
|
Batting: SHB Dave Collins
|
0-0: Foul Ball, location: 2F 0-1: Ball 1-1: Fly out, F8 (Flyball, 89S, EV 83.8 MPH)
|
|
Batting: LHB Willie Aikens
|
0-0: Ball 1-0: Swinging Strike 1-1: Called Strike 1-2: Foul Ball, location: 2F 1-2: Strikes out swinging
|
|
Batting: RHB Jeff Burroughs
|
0-0: Called Strike 0-1: Foul Ball, location: 2F 0-2: Ball 1-2: Strikes out swinging
|
| Top of the 3rd over - 0 runs, 0 hits, 0 errors, 0 left on base; Boston 1 - New York 1 |
| BOTTOM OF THE 3RD |
|
New York Yankees batting - Pitching for Boston Red Sox : RHP Tom M Carroll
|
|
Batting: SHB Tim Raines
|
0-0: Called Strike 0-1: Fly out, F7 (Line Drive, 7, EV 106.3 MPH)
|
|
Batting: SHB Willie Wilson
|
0-0: Ball 1-0: Swinging Strike 1-1: Swinging Strike 1-2: Ball 2-2: Strikes out swinging
|
|
Batting: LHB Kent Hrbek
|
0-0: Ball 1-0: Ball 2-0: Foul Ball, location: 2F 2-1: Foul Ball, location: 2F 2-2: Ball 3-2: Ground out 6-3 (Groundball, 6, EV 106.3 MPH)
|
| Bottom of the 3rd over - 0 runs, 0 hits, 0 errors, 0 left on base; Boston 1 - New York 1 |
| TOP OF THE 4TH |
|
Boston Red Sox batting - Pitching for New York Yankees : RHP Paul Moskau
|
|
Batting: LHB George Brett
|
0-0: Called Strike 0-1: Foul Ball, location: 2F 0-2: Strikes out looking
|
|
Batting: LHB Claudell Washington
|
0-0: Ball 1-0: Ball 2-0: Called Strike 2-1: DOUBLE (Flyball, 8LXD, EV 109.4 MPH)
|
|
Batting: SHB Scotti Madison
|
0-0: Foul Ball, location: 2F 0-1: Called Strike 0-2: Ball 1-2: Strikes out swinging
|
|
Batting: LHB Daryl Sconiers
|
0-0: Ball 1-0: Called Strike 1-1: Ball 2-1: Ball 3-1: Swinging Strike 3-2: Strikes out swinging
|
| Top of the 4th over - 0 runs, 1 hit, 0 errors, 1 left on base; Boston 1 - New York 1 |
| BOTTOM OF THE 4TH |
|
New York Yankees batting - Pitching for Boston Red Sox : RHP Tom M Carroll
|
|
Batting: RHB Pedro Guerrero
|
0-0: Called Strike 0-1: Foul Ball, location: 2F 0-2: Strikes out looking
|
|
Batting: LHB George Kaage
|
0-0: Called Strike 0-1: Called Strike 0-2: Strikes out swinging
|
|
Batting: SHB Jerry Manuel
|
0-0: Called Strike 0-1: Foul Ball, location: 2F 0-2: Ball 1-2: Ground out 4-3 (Groundball, 4M, EV 88.8 MPH)
|
| Bottom of the 4th over - 0 runs, 0 hits, 0 errors, 0 left on base; Boston 1 - New York 1 |
| TOP OF THE 5TH |
|
Boston Red Sox batting - Pitching for New York Yankees : RHP Paul Moskau
|
|
Batting: RHB Mark Grady
|
0-0: Ball 1-0: Ball 2-0: Ground out 5-3 (Groundball, 5S, EV 85.0 MPH)
|
|
Batting: RHB Kevin Klettke
|
0-0: Ball 1-0: Ground out 4-3 (Groundball, 13, EV 84.4 MPH)
|
|
Batting: SHB Dave Collins
|
0-0: Ball 1-0: Ball 2-0: Called Strike 2-1: Called Strike 2-2: Strikes out swinging
|
| Top of the 5th over - 0 runs, 0 hits, 0 errors, 0 left on base; Boston 1 - New York 1 |
| BOTTOM OF THE 5TH |
|
New York Yankees batting - Pitching for Boston Red Sox : RHP Tom M Carroll
|
|
Batting: RHB Vic Rodriguez
|
0-0: Ball 1-0: Called Strike 1-1: Foul Ball, location: 2F 1-2: Ball 2-2: Strikes out swinging
|
|
Batting: LHB Mario Cabrera
|
0-0: Ball 1-0: Called Strike 1-1: Ball 2-1: Ball 3-1: Swinging Strike 3-2: Foul Ball, location: 2F 3-2: Strikes out swinging
|
|
Batting: LHB Tim Norrid
|
0-0: DOUBLE (Line Drive, 78XD, EV 105.0 MPH)
|
|
Batting: SHB Tim Raines
|
0-0: Ball 1-0: Called Strike 1-1: Ground out 4-3 (Groundball, 4, EV 82.5 MPH)
|
| Bottom of the 5th over - 0 runs, 1 hit, 0 errors, 1 left on base; Boston 1 - New York 1 |
| TOP OF THE 6TH |
|
Boston Red Sox batting - Pitching for New York Yankees : RHP Paul Moskau
|
|
Batting: LHB Willie Aikens
|
0-0: Called Strike 0-1: Swinging Strike 0-2: Fly out, F9 (Flyball, 9D, EV 101.3 MPH)
|
|
Batting: RHB Jeff Burroughs
|
0-0: Swinging Strike 0-1: SINGLE (Line Drive, 4M, EV 98.1 MPH)
|
|
Batting: LHB George Brett
|
0-0: Ball 1-0: Ball 2-0: Swinging Strike 2-1: Foul Ball, location: 2F 2-2: Reached on error, E4 (Groundball, 34, EV 103.1 MPH) Jeff Burroughs to second
|
|
Batting: LHB Claudell Washington
|
0-0: Called Strike 0-1: Foul Ball, location: 2F 0-2: Strikes out swinging
|
|
Batting: SHB Scotti Madison
|
0-0: Swinging Strike 0-1: Called Strike 0-2: Fly out, F9 (Flyball, 9S, EV 76.9 MPH)
|
| Top of the 6th over - 0 runs, 1 hit, 1 error, 2 left on base; Boston 1 - New York 1 |
| BOTTOM OF THE 6TH |
|
New York Yankees batting - Pitching for Boston Red Sox : RHP Tom M Carroll
|
|
Batting: SHB Willie Wilson
|
0-0: SINGLE (Line Drive, 9S, EV 109.4 MPH)
|
|
Batting: LHB Kent Hrbek
|
0-0: Ball Willie Wilson steals 2nd base 1-0: Called Strike 1-1: Called Strike 1-2: Ball 2-2: Foul Ball, location: 2F 2-2: Ground out 4-3 (Groundball, 4, EV 106.3 MPH) Willie Wilson to third
|
|
Batting: RHB Pedro Guerrero
|
0-0: Swinging Strike 0-1: Swinging Strike 0-2: Ball 1-2: Strikes out swinging
|
|
Batting: LHB George Kaage
|
0-0: Foul Ball, location: 2F 0-1: Ball 1-1: Ball 2-1: Foul Ball, location: 2F 2-2: Strikes out looking
|
| Bottom of the 6th over - 0 runs, 1 hit, 0 errors, 1 left on base; Boston 1 - New York 1 |
| TOP OF THE 7TH |
|
Boston Red Sox batting - Pitching for New York Yankees : RHP Paul Moskau
|
|
Batting: LHB Daryl Sconiers
|
0-0: Called Strike 0-1: Swinging Strike 0-2: Ball 1-2: Strikes out swinging
|
|
Batting: RHB Mark Grady
|
0-0: Called Strike 0-1: Foul Ball, location: 2F 0-2: Ball 1-2: Ground out 4-3 (Groundball, 4, EV 88.8 MPH)
|
|
Batting: RHB Kevin Klettke
|
0-0: Called Strike 0-1: Ball 1-1: Called Strike 1-2: Fly out, F9 (Flyball, 9D, EV 100.6 MPH)
|
| Top of the 7th over - 0 runs, 0 hits, 0 errors, 0 left on base; Boston 1 - New York 1 |
| BOTTOM OF THE 7TH |
|
New York Yankees batting - Pitching for Boston Red Sox : RHP Tom M Carroll
|
|
Batting: SHB Jerry Manuel
|
0-0: Foul Ball, location: 2F 0-1: Ball 1-1: Swinging Strike 1-2: Foul Ball, location: 2F 1-2: Ground out U3 (Groundball, 3, EV 85.0 MPH)
|
|
Batting: RHB Vic Rodriguez
|
0-0: Ground out 5-3 (Groundball, 5, EV 84.4 MPH)
|
|
Batting: LHB Mario Cabrera
|
0-0: Called Strike 0-1: Called Strike 0-2: Fly out, F9 (Flyball, 9S, EV 95.0 MPH)
|
| Bottom of the 7th over - 0 runs, 0 hits, 0 errors, 0 left on base; Boston 1 - New York 1 |
| TOP OF THE 8TH |
|
Boston Red Sox batting - Pitching for New York Yankees : RHP Paul Moskau
|
|
Batting: SHB Dave Collins
|
0-0: Fly out, F7 (Line Drive, 7D, EV 96.9 MPH)
|
|
Batting: LHB Willie Aikens
|
0-0: Called Strike 0-1: Ball 1-1: Ball 2-1: Ball 3-1: Base on Balls
|
|
Pitching: RHP Camilo Aprgio
|
|
|
Batting: RHB Jeff Burroughs
|
0-0: Called Strike 0-1: Ball 1-1: Foul Ball, location: 2F 1-2: Foul Ball, location: 2F 1-2: SINGLE (Line Drive, 6MD, EV 97.5 MPH) Willie Aikens to second
|
|
Pinch Runner at 2nd Albert Hall:
|
|
|
Batting: LHB George Brett
|
0-0: Ball Jeff Burroughs steals 2nd base Albert Hall steals 3rd base 1-0: Intentional Walk
|
|
Batting: LHB Claudell Washington
|
0-0: SINGLE (Groundball, 25, EV 71.9 MPH) (infield hit) Albert Hall scores Jeff Burroughs to third George Brett to second
|
|
Batting: SHB Scotti Madison
|
0-0: Grounds into fielders choice 4-2 (Groundball, 4, EV 86.9 MPH) George Brett to third Claudell Washington to second
|
|
Batting: LHB Daryl Sconiers
|
0-0: Called Strike 0-1: Foul Ball, location: 2F 0-2: Strikes out swinging
|
| Top of the 8th over - 1 run, 2 hits, 0 errors, 3 left on base; Boston 2 - New York 1 |
| BOTTOM OF THE 8TH |
|
New York Yankees batting - Pitching for Boston Red Sox : RHP Tom M Carroll
|
|
Now at 1B: Richie Zisk
|
|
|
Batting: LHB Tim Norrid
|
0-0: Called Strike 0-1: Ground out 5-3 (Groundball, 5L, EV 98.8 MPH)
|
|
Batting: SHB Tim Raines
|
0-0: Ball 1-0: Ground out 6-3 (Groundball, 6MD, EV 105.6 MPH)
|
|
Batting: SHB Willie Wilson
|
0-0: Called Strike 0-1: Foul Ball, location: 2F 0-2: Strikes out swinging
|
| Bottom of the 8th over - 0 runs, 0 hits, 0 errors, 0 left on base; Boston 2 - New York 1 |
| TOP OF THE 9TH |
|
Boston Red Sox batting - Pitching for New York Yankees : RHP Camilo Aprgio
|
|
Batting: RHB Mark Grady
|
0-0: Ball 1-0: Foul Ball, location: 2F 1-1: Ball 2-1: Foul Ball, location: 2F 2-2: Ball 3-2: Foul Ball, location: 2F 3-2: Fly out, F9 (Line Drive, 9, EV 94.4 MPH)
|
|
Batting: RHB Kevin Klettke
|
0-0: Ball 1-0: Ground out U3 (Groundball, 3, EV 88.1 MPH)
|
|
Batting: SHB Dave Collins
|
0-0: Fly out, F9 (Flyball, 9LS, EV 85.6 MPH)
|
| Top of the 9th over - 0 runs, 0 hits, 0 errors, 0 left on base; Boston 2 - New York 1 |
| BOTTOM OF THE 9TH |
|
New York Yankees batting - Pitching for Boston Red Sox : RHP Tom M Carroll
|
|
Batting: LHB Kent Hrbek
|
0-0: Foul Ball, location: 2F 0-1: Ball 1-1: Ball 2-1: Called Strike 2-2: Ball 3-2: Ground out 2-3 (Groundball, 15S, EV 67.5 MPH)
|
|
Pitching: RHP Bruce Sutter
|
|
|
Pinch Hitting: LHB Wade Boggs
|
0-0: Ball 1-0: Called Strike 1-1: Fly out, F7 (Flyball, 7LM, EV 81.3 MPH)
|
|
Batting: LHB George Kaage
|
0-0: Called Strike 0-1: Foul Ball, location: 2F 0-2: Ball 1-2: Foul Ball, location: 2F 1-2: Ball 2-2: Ball 3-2: Foul Ball, location: 2F 3-2: Ground out 4-3 (Groundball, 4, EV 98.1 MPH)
|
| Bottom of the 9th over - 0 runs, 0 hits, 0 errors, 0 left on base; Boston 2 - New York 1 |
|